 Dungeon Crawl Stone Soup version 0.25-a0-471-g78e40d7af6 (webtiles) character file.

Game seed: 14191417712630740689, levelgen mode: deterministic

1278 Emblim88 the Ruffian (level 8, -3/79 HPs)
             Began as a Troll Monk on Feb 6, 2020.
             Slain by a two-headed ogre
             ... wielding a +0 giant spiked club
              (23 damage)
             ... on level 6 of the Dungeon.
             The game lasted 00:06:24 (3775 turns).

Emblim88 the Ruffian (Troll Monk)                   Turns: 3775, Time: 00:06:24

Health: -3/79      AC:  6    Str: 22    XL:     8   Next: 29%
Magic:  7/7        EV: 10    Int:  6    God:
Gold:   237        SH:  0    Dex: 12    Spells: 7/7 levels left

rFire    . . .     SeeInvis .     - Unarmed
rCold    . . .     Gourm    +   (no shield)
rNeg     . . .     Faith    .   a - +0 robe
rPois    .         Spirit   .   (helmet restricted)
rElec    .         Reflect  .   (no cloak)
rCorr    .         Harm     .   (gloves unavailable)
MR       .....                  (boots unavailable)
Stlth    ++........             (no amulet)
HPRegen  0.63/turn              i - ring of attention (curse)
MPRegen  0.10/turn              l - ring of stealth

@: no status effects
A: large, unfitting armour, claws 3, fast metabolism 3, gourmand, regeneration
1, shaggy fur 1, tough skin 3
a: no special abilities


You were on level 6 of the Dungeon.
You were not hungry.

You visited 1 branch of the dungeon, and saw 6 of its levels.

You collected 237 gold pieces.

Inventory:

Hand Weapons
 p - a cursed +0 giant spiked club
Missiles
 e - 137 stones
 o - 3 poisoned darts
 u - 4 boomerangs (quivered)
Armour
 a - a +0 robe (worn)
Jewellery
 i - a cursed ring of attention (left claw)
 l - a ring of stealth (right claw)
Wands
 j - a wand of random effects (19)
Scrolls
 d - 4 scrolls of remove curse {unknown}
 f - 2 scrolls of enchant armour {unknown}
 h - 2 scrolls of fear {unknown}
 k - 3 scrolls of teleportation {unknown}
 m - a scroll of identify
 n - a scroll of enchant weapon {unknown}
 q - 2 scrolls of random uselessness {unknown}
 r - a scroll of amnesia {unknown}
 t - a scroll of fog {unknown}
Potions
 c - 3 potions of haste {unknown}
 g - a potion of might
 s - a potion of curing
 v - a potion of resistance
 w - a potion of degeneration
 z - a potion of flight
Comestibles
 b - 12 rations


   Skills:
 + Level 4.8 Fighting
 + Level 4.2 Throwing
 - Level 2.4 Dodging
 - Level 1.0 Stealth
 * Level 7.8 Unarmed Combat


You had 7 spell levels left.
You didn't know any spells.
Your spell library contained the following spells:

 Spells                   Type           Power        Failure   Level  Hunger
 Confusing Touch          Hex            #.......     83%         3    ####...
 Gell's Gravitas          Tloc           #.........   83%         3    ####...
 Petrify                  Tmut/Erth      #.......     99%         4    #####..
 Metabolic Englaciation   Hex/Ice        #.........   100%        5    ######.
 Yara's Violent Unravell  Hex/Tmut       #.........   100%        5    ######.


Dungeon Overview and Level Annotations

Branches:
Dungeon (6/15)
 Temple: D:4-7

Altars:


Innate Abilities, Weirdness & Mutations

You are too large for most types of armour.
You have claws for hands.
Your metabolism is lightning-fast.
You like to eat raw meat.
Your natural rate of healing is unusually fast.
You are covered in fur. (AC +1)
You have extremely tough skin. (AC +3)


Message History

You claw the bullfrog!
You kill the bullfrog!
A two-headed ogre comes into view.
It is wielding a +0 giant spiked club and a +0 giant club.
The two-headed ogre shouts in stereo!
You hear a shout! x2
The iguana hisses menacingly.
You hear an angry hiss.
You claw the iguana! Your claw misses the iguana.
The iguana is almost dead.
The iguana bites you!
You claw the iguana!
You kill the iguana!
The two-headed ogre hits you with a +0 giant spiked club!
The two-headed ogre barely misses you.
You see here an iguana corpse.
You claw the two-headed ogre! You claw the two-headed ogre.
The two-headed ogre is moderately wounded.
The two-headed ogre hits you with a +0 giant spiked club!!
* * * LOW HITPOINT WARNING * * *
The two-headed ogre hits you with a +0 giant club!!
You die...

### #.. ##.##
##...##
#####..O..#
.......@..#
#####.....#
######...$###
............#
######....#.# #
####......##.#
..............#
#####......####
##.#.#.#


You could see a two-headed ogre.

Vanquished Creatures
  A hungry ghost (D:6)
  An orc warrior (D:5)
  A black bear (D:6)
  3 ogres
  A bullfrog (D:6)
  A crimson imp (D:6)
  3 hounds
  An iguana (D:6)
  6 orc wizards
  4 worker ants (D:4)
  Terence (D:2)
  A hound skeleton (D:5)
  A worker ant zombie (D:5)
  6 adders
  A shadow imp (D:6)
  An ooze (D:4)
  An adder skeleton (D:5)
  An adder zombie (D:5)
  4 worms
  3 dart slugs
  3 leopard geckos
  18 orcs
  2 bats
  5 giant cockroaches
  4 goblins
  8 hobgoblins
  6 jackals (D:2)
  3 quokkas
  3 ball pythons (D:3)
  7 frilled lizards
  3 kobolds
  A quokka skeleton (D:5)
  6 rats
111 creatures vanquished.

Notes
Turn   | Place    | Note
-------+----------+-------------------------------------------
     0 | D:1      | Emblim88 the Troll Monk began the quest for the Orb.
     0 | D:1      | Reached XP level 1. HP: 22/22 MP: 0/0
    88 | D:1      | Reached XP level 2. HP: 23/29 MP: 1/1
   532 | D:2      | Noticed Terence
   552 | D:2      | Killed Terence
   552 | D:2      | Reached XP level 3. HP: 25/36 MP: 2/2
   574 | D:2      | Reached skill level 4 in Unarmed Combat
   836 | D:2      | Reached skill level 1 in Throwing
   957 | D:2      | Reached XP level 4. HP: 39/45 MP: 3/3
  1094 | D:2      | Found a faded altar of an unknown god.
  1705 | D:3      | Reached XP level 5. HP: 22/53 MP: 4/4
  2062 | D:4      | Noticed an ogre
  2069 | D:4      | Killed an ogre
  2069 | D:4      | Reached skill level 5 in Unarmed Combat
  2159 | D:4      | Reached XP level 6. HP: 60/61 MP: 5/5
  2847 | D:4      | Reached skill level 6 in Unarmed Combat
  3073 | D:5      | Entered Level 5 of the Dungeon
  3134 | D:5      | Reached XP level 7. HP: 62/68 MP: 6/6
  3545 | D:5      | Reached skill level 7 in Unarmed Combat
  3721 | D:6      | Reached XP level 8. HP: 67/79 MP: 7/7
  3769 | D:6      | Noticed a two-headed ogre
  3775 | D:6      | Slain by a two-headed ogre

Levels and vault maps discovered:
D:1:      scummos_arrival_forest, layout_basic, hangedman_abyss_or_decor_stabs
D:2:      layout_loops_corners, chequers_ecumenical_altar_grove, serial_forest,
          infiniplex_forest_fountain, infiniplex_forest_lined_room_3,
          infiniplex_forest_clump_double, infiniplex_forest_diagonal,
          infiniplex_forest_side_room, uniq_terence
D:3:      layout_basic
D:4:      kennysheep_six_static_rooms, layout_basic, first_ration,
          minmay_misc_feat_rugged, interstate_on_off, kennysheep_potato
D:5:      layout_basic, chequers_serial_rivers_small_a, minmay_checkerbox
D:6:      layout_loops_ring, minmay_temple_entry_proselytizer,
          hangedman_decor_growths, minmay_misc_feat_square, uniq_duvessa,
          uniq_crazy_yiuf_cottage

Skill      XL: |  1  2  3  4  5  6  7  8 |
---------------+-------------------------+-----
Unarmed Combat | 4 5 6 7 |  7.8
Throwing       | 1 2 3 4 |  4.2
Fighting       | 3 4 |  4.8
Dodging        | |  2.4
Stealth        | |  1.0

Action                   |  1- 3 |  4- 6 |  7- 9 || total
-------------------------+-------+-------+-------++-------
Melee: Unarmed           |    90 |   153 |    87 ||   330
       Punch             |       |     3 |     4 ||     7
  Use: Scroll            |       |       |     5 ||     5
 Stab: Sleeping          |     2 |     2 |     1 ||     5
  Eat: Chunk             |    13 |    17 |    10 ||    40
Armor: Robe              |    25 |    45 |    23 ||    93
Dodge: Dodged            |    35 |    60 |    36 ||   131

Table legend:
 A = Non-vault XP
 B = Vault XP
 C = Vault XP percentage of total XP
 D = Non-vault monster count
 E = Vault monster count
 F = Vault count percentage of total count
                 A         B        C        D         E       F
            +---------+---------+-------+---------+---------+-------
      Total |    1661 |     166 |   9.1 |     103 |       8 |   7.2
            +---------+---------+-------+---------+---------+-------
        D:1 |      25 |       0 |   0.0 |      13 |       0 |   0.0
        D:2 |      82 |      32 |  28.1 |      21 |       1 |   4.5
        D:3 |     106 |       0 |   0.0 |      32 |       0 |   0.0
        D:4 |     345 |     110 |  24.2 |      13 |       4 |  23.5
        D:5 |     598 |      24 |   3.9 |      18 |       3 |  14.3
        D:6 |     505 |       0 |   0.0 |       6 |       0 |   0.0
            +---------+---------+-------+---------+---------+-------
